 Dungeon Crawl Stone Soup version 0.20-a0-2-g2b0e13a (webtiles) character file.

331 Jarlath the Magician (level 6, -3/32 HPs)
             Began as a Deep Elf Ice Elementalist on Oct 28, 2016.
             Was an Initiate of Vehumet.
             Slain by Edmund
             ... wielding a +2 dire flail of holy wrath
              (5 damage)
             ... in the Ecumenical Temple.
             The game lasted 00:03:44 (3168 turns).

Jarlath the Magician (Deep Elf Ice Elementalist)    Turns: 3168, Time: 00:03:46

Health: -3/32      AC:  2    Str:  5    XL:     6   Next: 26%
Magic:  2/17       EV: 13    Int: 22    God:    Vehumet [......]
Gold:   56         SH:  0    Dex: 15    Spells: 3 memorised, 9 levels left

rFire  . . .     SeeInvis .     m - +0 dagger (speed)
rCold  . . .     Gourm    .     a - +0 robe
rNeg   . . .     Faith    .     (no shield)
rPois  .         Spirit   .     (no helmet)
rElec  .         Reflect  .     (no cloak)
rCorr  .         Harm     .     (no gloves)
MR     .....                    (no boots)
Stlth  ++........               (no amulet)
                                (no ring)
                                (no ring)

@: no status effects
A: no striking features
a: Renounce Religion


You were in the Ecumenical Temple.
You worshipped Vehumet.
Vehumet was noncommittal.
You were not hungry.

You visited 2 branches of the dungeon, and saw 6 of its levels.

You collected 56 gold pieces.

Inventory:

Hand Weapons
 m - a +0 dagger of speed (weapon)
Armour
 a - a +0 robe (worn)
Wands
 d - a wand of confusion (36/48)
 f - a wand of iceblast (4/15)
Scrolls
 h - 3 scrolls of identify {unknown}
 i - a scroll of magic mapping
Potions
 k - a potion of curing {unknown}
 l - a potion of degeneration {unknown}
Books
 b - a book of Frost

   Spells                             Type                      Level
   a - Freeze                         Ice                          1
   b - Throw Frost                    Conjuration/Ice              2
   c - Ozocubu's Armour               Charms/Ice                   3
   d - Throw Icicle                   Conjuration/Ice              4
   e - Summon Ice Beast               Ice/Summoning                4
Comestibles
 n - 2 fruits


   Skills:
 - Level 2.4 Dodging
 - Level 2.4 Stealth
 + Level 6.4 Spellcasting
 * Level 4.5 Conjurations
 - Level 4.1 Ice Magic


You had 9 spell levels left.
You knew the following spells:

 Your Spells              Type           Power        Failure   Level  Hunger
a - Freeze                Ice            ####         1%          1    None
b - Ozocubu's Armour      Chrm/Ice       ###.....     12%         3    #......
c - Throw Icicle          Conj/Ice       ####....     17%         4    ###....


Dungeon Overview and Level Annotations

Branches:
Dungeon (5/15)             Temple (1/1) D:5

Altars:
Ashenzari
Dithmenos
Hepliaklqana
Kikubaaqudgha
Makhleb
Nemelex Xobeh
Okawaru
Qazlal
Ru
Sif Muna
Vehumet
Xom
The Shining One

Annotations:
D:5 Qqwix's ghost, novice HuFi
Temple Edmund


Message History

Aiming: Throw Icicle
Press: ? - help, Shift-Dir - straight line, f/p - Edmund
Aim: Edmund, wielding a dire flail of holy wrath and wearing a leather armour (severely wounded)
The shard of ice hits Edmund.
Edmund is almost dead.
Edmund barely misses you.
Unknown command.
Edmund says, "A flail is better than a scythe, any day of the week!"
Okay, then.
It was a potion of flight.
You feel very buoyant.
You fly up into the air.
Edmund hits you but does no damage.
It was a potion of cancellation.
Your magical effects are unravelling.
You feel magically purged.
Your magical contamination has completely faded away.
Your icy armour evaporates.
You float gracefully downwards.
Edmund hits you with a dire flail of holy wrath.
You die...

#..#.._..#..##
#........#....##
#..#.##..#...#..## #..#..
#.#...#.#..##
#..#.........#...#..## ##
#.#.._..#...#.....#..## ##.#
.#...#...#..._...#..## ##...
#.#...#.#.....#.#..## ##..#.
.#...#.....@#.#..#..###..#.#
...#....#.a@.....#..#..#...
.#.∩._......._...#.8.#.._.
.#........#....#.....#...
.#..#.#......#...#...#.#
..#.#.....#.#...#.#...#. .
.#..._...#...#...#....
...#.....#[<.#.....#...
...#...#...#..._...#..


You could see Edmund and a worker ant.

Vanquished Creatures
  A centaur skeleton (D:4)
  An orc priest (D:4)
  4 orc wizards
  Jessica (D:2)
  3 gnolls (D:5)
  4 adders
  3 oozes
  2 worms
  3 dart slugs
  3 leopard geckos
  4 orcs
  3 bats (D:2)
  6 goblins
  5 hobgoblins
  A kobold (D:2)
  2 quokkas
  A ball python (D:2)
  2 frilled lizards (D:1)
  A rat (D:3)
50 creatures vanquished.

Notes
Turn   | Place    | Note
-------+----------+-------------------------------------------
     0 | D:1      | Jarlath the Deep Elf Ice Elementalist began the quest for the Orb.
     0 | D:1      | Reached XP level 1. HP: 10/10 MP: 6/6
    67 | D:1      | Reached XP level 2. HP: 13/15 MP: 0/8
   277 | D:2      | Found a deep blue altar of Sif Muna.
   318 | D:2      | Noticed Jessica
   324 | D:2      | Reached skill level 4 in Spellcasting
   349 | D:2      | Killed Jessica
   349 | D:2      | Reached XP level 3. HP: 12/19 MP: 7/11
   467 | D:2      | Learned a level 3 spell: Ozocubu's Armour
   684 | D:2      | Reached skill level 5 in Spellcasting
   689 | D:2      | Reached XP level 4. HP: 18/24 MP: 2/13
   826 | D:2      | Learned a level 4 spell: Throw Icicle
  1103 | D:3      | You fall through a shaft!
  1417 | D:4      | Reached XP level 5. HP: 24/28 MP: 6/15
  1429 | D:5      | Entered Level 5 of the Dungeon
  1961 | D:4      | Reached skill level 6 in Spellcasting
  2003 | D:4      | Noticed an ogre
  2088 | D:5      | Reached XP level 6. HP: 16/32 MP: 15/17
  2503 | D:5      | Noticed Qqwix's ghost (novice HuFi)
  2526 | D:5      | Found a staircase to the Ecumenical Temple.
  2527 | D:5      | Noticed Edmund
  2528 | Temple   | Entered the Ecumenical Temple
  3129 | Temple   | Became a worshipper of Vehumet
  3168 | Temple   | Slain by Edmund

Vault maps used:
D:1:      saegor_arrival_under_anarchy
D:2:      lemuel_doored_altar, tgw_trog, st_stairs_1, uniq_jessica, uniq_iyjb,
          uniq_robin
D:3:      uniq_natasha, uniq_sigmund
D:4:      marbit_many_paths, kennysheep_another_room, minmay_ogre_servants
D:5:      first_bread, nrook_mini_backslash, okawaru_metal_pillars_1_2,
          uniq_edmund
Temple:   eino_temple_rhombus

Skill      XL: |  1  2  3  4  5 |
---------------+----------------+-----
Spellcasting   | 4 5 6 |  6.4
Ice Magic      | 4 |  4.1
Conjurations   | 2 4 |  4.5
Dodging        | |  2.4
Stealth        | |  2.4

Action                   |  1- 3 |  4- 6 || total
-------------------------+-------+-------++-------
Melee: Unarmed           |     2 |     9 ||    11
 Cast: Freeze            |    32 |    74 ||   106
       Ozocubu's Armour  |     3 |     6 ||     9
       Throw Icicle      |       |     5 ||     5
  Use: Scroll            |       |     5 ||     5
       Potion            |       |     3 ||     3
  Eat: Chunk             |       |     5 ||     5
       Fruit             |       |     1 ||     1
       Bread ration      |       |     1 ||     1
Armor: Robe              |     1 |    15 ||    16
Dodge: Dodged            |    17 |    72 ||    89
